 Dungeon Crawl Stone Soup version 0.28.0-53-g5a82cb258f (webtiles) character file.

Game seed: 732312213177548881

83 Sin92 the Skirmisher (level 4, 0/36 HPs)
             Began as a Demonspawn Fighter on July 4, 2022.
             Succumbed to an adder's poison
             ... on level 2 of the Dungeon.
             The game lasted 00:01:29 (1217 turns).

Sin92 the Skirmisher (Demonspawn Fighter)           Turns: 1217, Time: 00:01:29

Health: 0/36       AC: 10    Str: 18    XL:     4   Next: 22%
Magic:  4/4        EV:  7    Int: 10    God:
Gold:   48         SH:  4    Dex: 12    Spells: 3/3 levels left

rFire   . . .      SeeInvis .   a - +1 war axe
rCold   . . .      Faith    .   c - +0 buckler
rNeg    . . .      Spirit   .   h - +1 chain mail
rPois   .          Reflect  .   (no helmet)
rElec   .          Harm     .   (no cloak)
rCorr   .          Rampage  .   (no gloves)
Will    .....                   (no boots)
Stlth   ..........              (no amulet)
HPRegen 0.12/turn               e - +4 ring of slaying
MPRegen 0.09/turn               (no ring)

@: lethally poisoned (0 -> -5)
A: sturdy frame 1
a: no special abilities


You were on level 2 of the Dungeon.
You visited 1 branch of the dungeon, and saw 2 of its levels.

You collected 48 gold pieces.

Inventory:

Hand Weapons
 a - a +1 war axe (weapon)
Armour
 b - a +0 scale mail
 c - a +0 buckler (worn)
 h - a +1 chain mail (worn)
Jewellery
 e - a +4 ring of slaying (left hand)
Scrolls
 j - 2 scrolls of magic mapping
Potions
 d - a potion of might


   Skills:
 + Level 3.6 Fighting
 + Level 2.4 Axes
 + Level 3.3 Armour
 + Level 3.2 Shields


You had 3 spell levels left.
You didn't know any spells.
Your spell library was empty.

Dungeon Overview and Level Annotations

Branches:
Dungeon (2/15)

Altars:


Innate Abilities, Weirdness & Mutations

Your movements are slightly less encumbered by armour. (ER -2)


Message History

You kill the endoplasm!
An adder comes into view.
The adder hisses angrily.
You hit the adder.
The adder is moderately wounded.
You hit the adder. The adder bites you.
* * * LOW HITPOINT WARNING * * *
The adder bites you but does no damage. x2; The adder bites you.
* * * LOW HITPOINT WARNING * * *
Unknown command.
As you read the scroll labelled GINIEPTEGREK, it crumbles to dust.
You feel aware of your surroundings.
It was a scroll of magic mapping.
You block the adder's attack. The adder barely misses you.
As you read the scroll labelled TAEKLU IRITICS, it crumbles to dust.
It is a scroll of enchant armour.
Your +0 chain mail glows green for a moment.
The adder barely misses you. x2; The adder bites you but does no damage.
The adder barely misses you. x2
As you read the scroll labelled YRRIAXOXOS, it crumbles to dust.
You hear a loud clanging noise!
It was a scroll of noise.
The adder bites you.
* * * LOW HITPOINT WARNING * * *
You are lethally poisoned!
The adder poisons you! The adder bites you.
* * * LOW HITPOINT WARNING * * *
The adder bites you.
* * * LOW HITPOINT WARNING * * *
As you read the scroll labelled SULUL JAXIO, it crumbles to dust.
It is a scroll of enchant weapon.
Your +0 war axe glows red for a moment.
* * * LOW HITPOINT WARNING * * *
You feel sick. The adder completely misses you.
The adder bites you but does no damage. The adder barely misses you.
Unknown command.
Okay, then.
Okay, then.
As you read the scroll labelled ISKOLI MUENNIU, it crumbles to dust.
The creatures around you are filled with an inner flame!
It was a scroll of immolation.
You die...

######### #.#...#.###
#..$......***
##....#..#*,,******
###....#..#.#**,*,,,*
#........#.#.#*****,*
#$##..#.....#** *,*
###....@Sg..#**,** *,*
####......SS.#....#,****,**
###
#>......††#g..#,###***,,,,,
..#####...........#..#,***
***,**
......#..###..........#,,*
*,,, .........#
#...........#** ******
.........###..?..#.#####
*,,,,,
#....................,,***
******
.........####.........*,,*


You could see 3 adders and 2 hobgoblins.

Vanquished Creatures
  3 adders (D:2)
  A worm (D:2)
  A dart slug (D:1)
  5 bats
  7 endoplasms
  2 giant cockroaches (D:1)
  5 goblins (D:1)
  2 hobgoblins (D:1)
  A quokka (D:1)
  9 ball pythons
  4 frilled lizards
  3 kobolds (D:1)
  7 rats
50 creatures vanquished.

Notes
Turn   | Place    | Note
-------+----------+-------------------------------------------
     0 | D:1      | Sin92 the Demonspawn Fighter began the quest for the Orb.
     0 | D:1      | Reached XP level 1. HP: 18/18 MP: 1/1
    67 | D:1      | Found a faded altar of an unknown god.
   198 | D:1      | Gained mutation: Your movements are slightly less
                  | encumbered by armour. (ER -2) [demonic ancestry]
   198 | D:1      | Reached XP level 2. HP: 20/24 MP: 2/2
   531 | D:1      | Reached XP level 3. HP: 28/29 MP: 3/3
  1131 | D:2      | Reached XP level 4. HP: 33/36 MP: 4/4
  1216 | D:2      | HP: 1/36 [poisoned by an adder]
  1217 | D:2      | Succumbed to an adder's poison

Illustrated notes

Levels and vault maps discovered:
D:1:      dpeg_cavernosity, layout_basic, ebering_ecumenical_altar_sacrificial,
          minmay_three_crescents
D:2:      minmay_alternating_diamond, layout_basic, minmay_increasing_density

Skill      XL: |  1  2 |
---------------+-------+-----
Axes           | 2 |  2.4
Shields        | 3 |  3.2
Armour         | 3 |  3.3
Fighting       | |  3.6

Action                   |  1- 3 |  4- 6 || total
-------------------------+-------+-------++-------
Melee: War axe           |    83 |    20 ||   103
  Use: Potion            |     2 |       ||     2
       Scroll            |       |     5 ||     5
Armor: Scale mail        |     8 |       ||     8
       Chain mail        |    62 |    15 ||    77
Dodge: Dodged            |    45 |    12 ||    57
Block: Buckler           |    24 |     4 ||    28
